 Dungeon Crawl Stone Soup version 0.27-a0-1081-ge8a0a9c698 (webtiles) character file.

Game seed: 18208072838339213962

693 shoop the Shooter (level 7, -2/62 HPs)
             Began as a Ghoul Hunter on Apr 25, 2021.
             Slain by an orc
             ... wielding a +3 vorpal flail
              (5 damage)
             ... on level 5 of the Dungeon.
             The game lasted 00:09:53 (5255 turns).

shoop the Shooter (Ghoul Hunter)                    Turns: 5255, Time: 00:09:53

Health: -2/62      AC:  7    Str: 17    XL:     7   Next: 64%
Magic:  6/6        EV: 11    Int:  6    God:
Gold:   268        SH:  0    Dex: 10    Spells: 6/6 levels left

rFire    + . .     SeeInvis .   b - +2 short sword (venom)
rCold    . . .     Faith    .   (no shield)
rNeg     + + +     Spirit   .   r - +0 ring mail
rPois    ∞         Reflect  .   (no helmet)
rElec    .         Harm     .   f - +1 cloak
rCorr    .         Rampage  .   (no gloves)
Will     .....                  (no boots)
Stlth    ..........             (no amulet)
HPRegen  0.00/turn              m - ring of flight
MPRegen  0.10/turn              k - ring of fire

@: confused, brilliant, flying, very slightly contaminated, invisible
A: claws 1, cold resistance 1, negative energy resistance 3, inhibited
regeneration, torment resistance 2, unbreathing 1
a: no special abilities


You were on level 5 of the Dungeon.
You visited 1 branch of the dungeon, and saw 5 of its levels.

You collected 268 gold pieces.

Inventory:

Hand Weapons
 a - a +1 shortbow
 b - a +2 short sword of venom (weapon)
 g - a +0 short sword
Missiles
 d - 121 arrows
Armour
 c - a +0 leather armour
 f - a +1 cloak (worn)
 r - a +0 ring mail (worn)
Jewellery
 k - a ring of fire (right claw)
 m - a ring of flight (left claw)
Wands
 p - a wand of iceblast (6)
 q - a wand of flame (11)
Scrolls
 l - a scroll of teleportation {unknown}
 u - a scroll of noise
Potions
 h - a potion of curing
 j - 3 potions of berserk rage


   Skills:
 + Level 5.6 Fighting
 + Level 5.6 Bows
 - Level 2.0 Armour
 - Level 2.0 Dodging
 - Level 1.1 Stealth
 - Level 3.0 Evocations


You had 6 spell levels left.
You didn't know any spells.
Your spell library was empty.

Dungeon Overview and Level Annotations

Branches:
Dungeon (5/15)
 Temple: D:4-7

Altars:
Dithmenos
Hepliaklqana
Nemelex Xobeh
Sif Muna
Trog
Uskayaw
Zin

Shops:
D:2 (   D:3 [

Annotations:
D:3 1 runed translucent door, Crazy Yiuf


Innate Abilities, Weirdness & Mutations

You thrive by killing the living.
You are immune to poison.
You have sharp fingernails.
Your flesh is cold resistant. (rC+)
You are immune to negative energy. (rN+++)
You do not regenerate when monsters are visible.
You are immune to unholy pain and torment.
You can survive without breathing.


Message History

You feel clever all of a sudden. Something hits you.
The orc closely misses you.
The orc wizard hits you but does no damage.
The orc priest mumbles some strange prayers to Beogh against you.
Beogh smites you!
* * * LOW HITPOINT WARNING * * *
It was a potion of invisibility.
You fade into invisibility!
You hear some strange, mumbled words.
You are more confused.
The orc misses you.
The orc wizard points at you and mumbles some strange words.
The puff of flame misses you.
You are very lightly contaminated with residual magic.
You feel much better. Something hits you but does no damage.
The orc hits you with a +3 vorpal flail.
The orc wizard hits you but does no damage.
You bump into the rock wall.
Something hits you.
The orc hits you with a +3 vorpal flail!
The orc priest mumbles some strange prayers to Beogh against you.
Beogh smites you!
* * * LOW HITPOINT WARNING * * *
The orc wizard hits you but does no damage.
Unknown command.
It was a potion of lignification.
You feel woody for a moment. The orc priest hits you with a +0 club.
* * * LOW HITPOINT WARNING * * *
The orc wizard gestures at the orc priest while chanting.
The puff of flame hits something!
Reactivating autopickup.
The orc completely misses you.
Unknown command.
You closely miss the orc priest. The orc priest barely misses you. x2
You barely miss the orc priest. The orc barely misses you.
The orc priest closely misses you.
You barely miss the orc priest. The orc misses you.
The orc priest hits you but does no damage.
You closely miss the orc priest.
The orc hits you with a +3 vorpal flail.
You die...

#.# #.#..... #.## #.#.....
#####..# #.#..... #...)..##
#.#..... #.......# #.#.....
#.....o.## #.#.....
#........# #.######
#..o)o.#.# #.# #...@..#.##
#.# ########oo# *,* ##.##
*,* *********** #..# *,*
*≈≈≈≈≈≈≈≈≈* ##.# *,*
*≈**≈≈≈**≈* #(# *,*
*≈*******≈* #(# *,*
**≈≈*,,,*≈≈* #.#**,******
*,,,+,,,*≈≈****#(o**,*,,,,,


You could see an orc priest, an orc wizard and an orc.

Vanquished Creatures
  Eustachio (D:5)
  2 centaurs (D:5)
  A wyvern zombie (D:5)
  A scorpion (D:4)
  An orc priest (D:5)
  Jessica (D:2)
  Ijyb (D:3)
  Terence (D:3)
  9 adders
  A shadow imp (D:5)
  2 worms
  3 orcs
  7 ball pythons
  4 endoplasms
  2 giant cockroaches (D:1)
  11 goblins
  3 hobgoblins
  11 jackals
  A quokka (D:1)
  7 bats
  7 frilled lizards
  4 kobolds
  7 rats
88 creatures vanquished.

Vanquished Creatures (others)
  An orc wizard (D:5)
  2 plants (D:2)
3 creatures vanquished.

Grand Total: 91 creatures vanquished

Notes
Turn   | Place    | Note
-------+----------+-------------------------------------------
     0 | D:1      | shoop the Ghoul Hunter began the quest for the Orb.
     0 | D:1      | Reached XP level 1. HP: 17/17 MP: 0/0
   248 | D:1      | Reached XP level 2. HP: 25/25 MP: 1/1
   500 | D:1      | Found a faded altar of an unknown god.
  1063 | D:2      | Noticed Jessica
  1070 | D:2      | Killed Jessica
  1071 | D:2      | Reached XP level 3. HP: 18/31 MP: 2/2
  1200 | D:2      | Found a shimmering blue altar of Sif Muna.
  1544 | D:2      | Reached XP level 4. HP: 38/38 MP: 3/3
  1545 | D:2      | Found Nein's Antique Weapon Boutique.
  1964 | D:3      | Found a shadowy altar of Dithmenos.
  1964 | D:3      | Found a hazy altar of Hepliaklqana.
  1965 | D:3      | Found a sparkling altar of Nemelex Xobeh.
  2392 | D:3      | Found Ucopun's Armour Shoppe.
  2615 | D:3      | Reached XP level 5. HP: 46/46 MP: 4/4
  2689 | D:3      | Noticed Ijyb
  2699 | D:3      | Killed Ijyb
  3297 | D:3      | Noticed Terence
  3316 | D:3      | Killed Terence
  3317 | D:3      | Reached skill level 1 in Evocations
  3484 | D:3      | Found a hide-covered altar of Uskayaw.
  3615 | D:3      | Found a runed translucent door.
  3616 | D:3      | Noticed Crazy Yiuf
  3803 | D:4      | Reached XP level 6. HP: 53/53 MP: 5/5
  3864 | D:4      | Reached skill level 5 in Bows
  3864 | D:4      | Reached skill level 1 in Armour
  4007 | D:4      | Identified the +6 scythe of Dissatisfaction {holy, Will+}
  4373 | D:5      | Entered Level 5 of the Dungeon
  4525 | D:5      | Noticed Eustachio
  4573 | D:5      | Killed Eustachio
  4574 | D:5      | Reached skill level 5 in Fighting
  4574 | D:5      | Reached XP level 7. HP: 8/61 MP: 6/6
  4929 | D:5      | Found a bloodstained altar of Trog.
  5251 | D:5      | HP: 3/62 [orc priest/+0 club (3)]
  5255 | D:5      | Slain by an orc

Illustrated notes

Levels and vault maps discovered:
D:1:      saegor_arrival_simple_d, layout_basic, chequers_ecumenical_altar_lobes
D:2:      layout_basic, basic_altar, serial_shops,
          nicolae_shop_overgrown_old_shop, uniq_jessica
D:3:      kennysheep_goblin_castle, layout_loops_ring,
          nicolae_overflow_hidden_temple, marbit_many_paths,
          grunt_temple_overflow_open, serial_shops, nicolae_shop_crystal,
          small_statue_intersection, uniq_ijyb, uniq_crazy_yiuf_cottage,
          uniq_terence
D:4:      layout_layer_cave
D:5:      layout_basic, lemuel_doored_altar, lightli_minifort, uniq_eustachio

Skill      XL: |  1  2  3  4  5  6  7 |
---------------+----------------------+-----
Dodging        | 2 |  2.0
Bows           | 4 5 |  5.6
Fighting       | 3 4 5 |  5.6
Evocations     | 1 2 3 |  3.0
Armour         | 2 |  2.0
Stealth        | |  1.1

Action                   |  1- 3 |  4- 6 |  7- 9 || total
-------------------------+-------+-------+-------++-------
Melee: Short sword       |    66 |   196 |    24 ||   286
 Fire: Shortbow          |     3 |    15 |    10 ||    28
  Use: Potion            |       |     3 |     4 ||     7
       Scroll            |       |     7 |       ||     7
 Stab: Sleeping          |       |     1 |       ||     1
Armor: Leather armour    |    14 |    48 |       ||    62
       Ring mail         |       |    43 |    32 ||    75
Dodge: Dodged            |    30 |   185 |    39 ||   254

Table legend: (Time is in decaauts)
 A = Elapsed time spent in this place.
 B = Non-inter-level travel time spent in this place.
 C = Inter-level travel time spent in this place.
 D = Time resting spent in this place.
 E = Time spent auto-exploring this place.
 F = Levels seen in this place.
 G = Mean time per level.
                   A        B        C        D        E       F      G
               +--------+--------+--------+--------+--------+-----+--------+
         Total |   5276 |   5170 |    106 |    262 |   4175 |   5 | 1055.2 |
       Dungeon |   5276 |   5170 |    106 |    262 |   4175 |   5 | 1055.2 |
               +--------+--------+--------+--------+--------+-----+--------+

Top non-repeatable levels by time:
     D:3: 1695 daAuts
     D:2: 1083 daAuts
     D:1: 886 daAuts
     D:5: 882 daAuts
     D:4: 728 daAuts
